 Dungeon Crawl Stone Soup version 0.30.1-4-g462c640d31 (webtiles) character file.

Game seed: 16759860666527831022

58 Bobit the Grasshopper (level 4, -2/38 HPs)
             Began as a Gnoll Warper on Aug 15, 2023.
             Slain by Jessica
             ... wielding a +0 club
              (6 damage)
             ... on level 2 of the Dungeon.
             The game lasted 00:06:16 (1693 turns).

Bobit the Grasshopper (Gnoll Warper)                Turns: 1693, Time: 00:06:16

Health: -2/38      AC:  3    Str: 14    XL:     4   Next: 1%
Magic:  2/11       EV: 13    Int: 12    God:
Gold:   146        SH:  0    Dex: 13    Spells: 8/13 levels left

rFire   + + +        a - +0 falchion
rCold   . . .        (no shield)
rNeg    . . .        u - +0 robe of the Desolation of Salt {rF+++ Str+3 Stlth+}
rPois   .            (no helmet)
rElec   .            (no cloak)
rCorr   .            m - +0 pair of gloves
SInv    .            (no boots)
Will    .....        (no amulet)
Stlth   +++          (no ring)
HPRegen 0.26/turn    (no ring)
MPRegen 0.12/turn

%: no passive effects
@: very slightly contaminated
A: fangs 1, strong nose, distributed training
a: no special abilities


You were on level 2 of the Dungeon.
You visited 1 branch of the dungeon, and saw 3 of its levels.

You collected 146 gold pieces.

Inventory:

Hand Weapons
 a - a +0 falchion (weapon)
 k - a +1 dagger of distortion
Missiles
 d - 7 boomerangs of dispersal (quivered)
Armour
 b - a +0 leather armour
 e - a +0 ring mail of cold resistance
 m - a +0 pair of gloves (worn)
 u - the +0 robe of the Desolation of Salt (worn) {rF+++ Str+3 Stlth+}
   (You found it on level 2 of the Dungeon)

   Str:       It affects your strength (+3).
   rF:        It renders you almost immune to fire.
   Stlth:     It makes you more stealthy.
Jewellery
 i - a ring of see invisible
Scrolls
 c - 2 scrolls of blinking
 f - a scroll of silence {unknown}
 g - 2 scrolls of enchant weapon {unknown}
 h - 2 scrolls of fog {unknown}
 j - a scroll of magic mapping {unknown}
 l - a scroll of identify {unknown}
 p - a scroll of teleportation {unknown}
 q - a scroll of noise {unknown}
 r - a scroll of immolation {unknown}
 t - a scroll of fear {unknown}
Potions
 n - 2 potions of lignification {unknown}
 o - 2 potions of degeneration {unknown}
 s - 2 potions of might {unknown}


   Skills:
 + Level 4.6 Fighting
 + Level 1.0 Short Blades
 + Level 4.6 Long Blades
 + Level 1.0 Axes
 + Level 1.0 Maces & Flails
 + Level 1.0 Polearms
 + Level 1.0 Staves
 + Level 1.0 Ranged Weapons
 + Level 2.7 Throwing
 + Level 2.7 Armour
 + Level 4.6 Dodging
 + Level 1.0 Stealth
 + Level 1.0 Shields
 + Level 1.0 Unarmed Combat
 + Level 5.0 Spellcasting
 + Level 0.8 Conjurations
 + Level 0.8 Hexes
 + Level 0.8 Summonings
 + Level 0.8 Necromancy
 + Level 5.4 Translocations
 + Level 0.8 Transmutations
 + Level 0.8 Fire Magic
 + Level 0.8 Ice Magic
 + Level 0.8 Air Magic
 + Level 0.8 Earth Magic
 + Level 0.8 Poison Magic
 + Level 1.1 Invocations
 + Level 1.0 Evocations


You had 8 spell levels left.
You knew the following spells:

 Your Spells              Type           Power      Damage    Failure   Level
a - Blink                 Tloc           32%        N/A       3%          2
b - Teleport Other        Tloc           16%        N/A       6%          3

Your spell library contained the following spells:

 Spells                   Type           Power      Damage    Failure   Level
 Lesser Beckoning         Tloc           32%        N/A       3%          2
 Necrotise                Necr           20%        1d5       14%         1
 Vhi's Electric Charge    Tloc/Air       20%        N/A       17%         3
 Manifold Assault         Tloc           16%        N/A       22%         4
 Vampiric Draining        Necr           5%         2d6       38%         3
 Agony                    Necr           5%         N/A       98%         5


Dungeon Overview and Level Annotations

Branches:
Dungeon (3/15)

Altars:

Shops:
D:1 (

Annotations:
D:2 Jessica


Innate Abilities, Weirdness & Mutations

You have very sharp teeth.
Your uncanny sense of smell can sniff out nearby items.
Your experience applies equally to all skills.


Message History

The hobgoblin is moderately wounded.
Jessica hits you with a +0 club.
* * * LOW HITPOINT WARNING * * *
The hobgoblin hits you but does no damage.
Jessica looks very angry.
Jessica hits you with a +0 club.
* * * LOW HITPOINT WARNING * * *
The hobgoblin hits you.
* * * LOW HITPOINT WARNING * * *
Casting: Teleport Other (dangerous; 6% risk of failure)
Confirm with . or Enter, or press ? or * to list all spells.
You blink.
Jessica gestures wildly while chanting.
Jessica blinks!
Jessica casts a spell.
Jessica blinks!
You feel stable enough to blink again.
Casting: Blink (safe; 3% risk of failure)
Confirm with . or Enter, or press ? or * to list all spells.
Aiming: Teleport Other (dangerous; 6% risk of failure)
Press: ? - help, Shift-Dir - straight line, f - hobgoblin, p - Jessica
Aim: a hobgoblin (moderately wounded, chance to affect: 72%)
The hobgoblin looks slightly unstable.
The hobgoblin closely misses you. The hobgoblin attacks as you move away!
The hobgoblin barely misses you.
The hobgoblin disappears!
Jessica closely misses you. Jessica misses you. x2
Casting: Teleport Other (dangerous; 6% risk of failure)
Confirm with . or Enter, or press ? or * to list all spells.
Aiming: Teleport Other (dangerous; 6% risk of failure)
Press: ? - help, Shift-Dir - straight line, f - Jessica
Aim: Jessica, wielding a +0 club and wearing a +0 robe (fast, chance to affect: 64%)
You miscast Teleport Other.
You are very lightly contaminated with residual magic.
Nothing appears to happen.
You feel yourself speed up. Jessica hits you but does no damage.
Jessica closely misses you.
You hit Jessica.
Jessica is moderately wounded.
Jessica hits you with a +0 club.
You die...

#..)>............#
##..ยง......?......#
#..#).............#
###.######..........#
#...# #..........#
##.### #.........#
###..# #.#..<...##
....## #.##@#####
##### #. #@# #....#
#..#### #..# #...#
########### #.#
....)...... #.# ....#
#.# ..#...#### #.#


You could see Jessica (fast).

Vanquished Creatures
  Robin (D:2)
  2 dart slugs (D:1)
  4 bats
  3 endoplasms
  A giant cockroach (D:1)
  9 goblins
  5 hobgoblins
  4 jackals (D:1)
  3 kobolds
  A ball python (D:1)
  A frilled lizard (D:1)
  2 rats
36 creatures vanquished.

Notes
Turn   | Place    | Note
-------+----------+-------------------------------------------
     0 | D:1      | Bobit the Gnoll Warper began the quest for the Orb.
     0 | D:1      | Reached XP level 1. HP: 20/20 MP: 6/6
   161 | D:1      | Found Jugaa's Antique Weapon Emporium.
   192 | D:1      | Reached XP level 2. HP: 26/26 MP: 7/7
   198 | D:1      | Learned a level 2 spell: Blink
   629 | D:1      | Reached skill level 5 in Spellcasting
   629 | D:1      | Reached XP level 3. HP: 26/31 MP: 7/9
   879 | D:2      | Noticed Jessica
   879 | D:2      | Noticed Robin
  1023 | D:1      | Reached skill level 1 in Invocations
  1226 | D:1      | Learned a level 3 spell: Teleport Other
  1448 | D:2      | Identified the +0 robe of the Desolation of Salt {rF+++
                  | Str+3 Stlth+}
  1498 | D:2      | You fall into a shaft and drop 1 floor!
  1603 | D:2      | Reached skill level 1 in Short Blades
  1603 | D:2      | Reached skill level 1 in Axes
  1603 | D:2      | Reached skill level 1 in Maces & Flails
  1603 | D:2      | Reached skill level 1 in Polearms
  1603 | D:2      | Reached skill level 1 in Staves
  1603 | D:2      | Reached skill level 1 in Ranged Weapons
  1603 | D:2      | Reached skill level 1 in Stealth
  1603 | D:2      | Reached skill level 1 in Shields
  1603 | D:2      | Reached skill level 1 in Unarmed Combat
  1603 | D:2      | Reached skill level 1 in Evocations
  1674 | D:2      | Killed Robin
  1677 | D:2      | Reached XP level 4. HP: 30/38 MP: 11/11
  1685 | D:2      | HP: 1/38 [hobgoblin[Robin] (3)]
  1693 | D:2      | Slain by Jessica

Illustrated notes

Levels and vault maps discovered:
D:1:      lightli_arrival_isolated_outpost, layout_basic, serial_shops,
          nicolae_shop_overgrown_old_shop, chequers_serial_rivers_small_3
D:2:      wander_river, layout_rooms, uniq_jessica, uniq_robin
D:3:      layout_basic, uniq_sigmund, uniq_ijyb

Skill      XL: |  1  2  3 |
---------------+----------+-----
Spellcasting   | 5 |  5.0
Invocations    | 1 |  1.1
Short Blades   | 1 |  1.0
Axes           | 1 |  1.0
Maces & Flails | 1 |  1.0
Polearms       | 1 |  1.0
Staves         | 1 |  1.0
Ranged Weapons | 1 |  1.0
Stealth        | 1 |  1.0
Shields        | 1 |  1.0
Unarmed Combat | 1 |  1.0
Evocations     | 1 |  1.0
Fighting       | |  4.6
Long Blades    | |  4.6
Throwing       | |  2.7
Armour         | |  2.7
Dodging        | |  4.6
Conjurations   | |  0.8
Hexes          | |  0.8
Summonings     | |  0.8
Necromancy     | |  0.8
Translocations | |  5.4
Transmutations | |  0.8
Fire Magic     | |  0.8
Ice Magic      | |  0.8
Air Magic      | |  0.8
Earth Magic    | |  0.8
Poison Magic   | |  0.8

Action                     |  1- 3 |  4- 6 || total
---------------------------+-------+-------++-------
  Melee: Falchion          |   139 |     9 ||   148
         Bite              |     9 |     1 ||    10
   Cast: Blink             |     1 |     1 ||     2
         Teleport Other    |       |     2 ||     2
 Armour: Ring mail         |    55 |       ||    55
         Leather armour    |     1 |       ||     1
         Robe              |     5 |     6 ||    11
  Dodge: Dodged            |   114 |    14 ||   128
